 Dungeon Crawl Stone Soup version 0.30-a0-12-gd8047c6341 (webtiles) character file.

Game seed: 11914827122151754222

139 IdlyInterested the Digger (level 5, -3/38 HPs)
             Began as a Demonspawn Wanderer on Aug 23, 2022.
             Slain by Terence
             ... wielding a +0 mace
              (8 damage)
             ... on level 2 of the Dungeon.
             The game lasted 00:07:16 (1709 turns).

IdlyInterested the Digger (Demonspawn Wanderer)     Turns: 1709, Time: 00:07:16

Health: -3/38      AC:  4    Str: 14    XL:     5   Next: 1%
Magic:  17/17      EV: 12    Int: 16    God:
Gold:   136        SH:  0    Dex: 10    Spells: 7/8 levels left

rFire   . . .      SeeInvis .    j - +3 hand axe (freeze)
rCold   . . .      Faith    .    (no shield)
rNeg    . . .      Spirit   .    d - +0 robe
rPois   .          Reflect  .    (no helmet)
rElec   .          Harm     .    h - +1 cloak
rCorr   .          Rampage  .    (no gloves)
Will    .....                    (no boots)
Stlth   +.........               k - amulet of regeneration
HPRegen 0.92/turn                a - ring of magical power
MPRegen 0.15/turn                (no ring)

@: studying Staves
A: ignite blood 1
a: no special abilities


You were on level 2 of the Dungeon.
You visited 1 branch of the dungeon, and saw 2 of its levels.

You collected 136 gold pieces.

Inventory:

Hand Weapons
 g - a +0 flail
 j - a +3 hand axe of freezing (weapon)
 p - a +3 dagger
Missiles
 f - 13 stones
 q - 4 poisoned darts
Armour
 d - a +0 robe (worn)
 h - a +1 cloak (worn)
 l - an orb of guile
 n - a +0 ring mail
Magical Staves
 o - a staff of fire
Jewellery
 a - a ring of magical power (left hand)
 k - an amulet of regeneration (around neck)
Wands
 b - a wand of polymorph (4)
Scrolls
 c - a scroll of vulnerability
 i - a scroll of identify
 m - a scroll of fog


   Skills:
 * Level 2.0 Fighting
 + Level 1.5(2.0) Axes
 - Level 1.9(2.2) Maces & Flails
 - Level 1.0 Armour
 + Level 1.6 Dodging
 - Level 1.0 Stealth
 - Level 2.0 Spellcasting
 + Level 1.2 Fire Magic
 - Level 3.0 Earth Magic
 - Level 2.0 Evocations


You had 7 spell levels left.
You knew the following spells:

 Your Spells              Type           Power      Damage    Failure   Level
a - Sandblast             Erth           22%        2d7       6%          1

Your spell library contained the following spells:

 Spells                   Type           Power      Damage    Failure   Level
 Freeze                   Ice            4%         1d3       21%         1
 Stone Arrow              Conj/Erth      12%        3d7       32%         3
 Frozen Ramparts          Ice            2%         1d1       52%         3
 Leda's Liquefaction      Hex/Erth       3%         N/A       73%         4
 Hailstorm                Conj/Ice       1%         3d3       90%         4


Dungeon Overview and Level Annotations

Branches:
Dungeon (2/15)

Altars:

Annotations:
D:2 Terence


Innate Abilities, Weirdness & Mutations

Your demonic aura sometimes causes spilled blood to erupt in flames.


Message History

You closely miss Terence. You hit the jackal. You freeze the jackal.
You kill the jackal!
Terence looks scornfully at you. Terence hits you with a +0 mace.
* * * LOW HITPOINT WARNING * * *
Training target 2.0 for Spellcasting reached!
Your Spellcasting skill increases to level 2!
You closely miss Terence.
You flicker for a moment.
Terence closely misses you.
You hit Terence. You freeze Terence.
Terence is lightly wounded.
Terence barely misses you. Terence hits you with a +0 mace.
* * * LOW HITPOINT WARNING * * *
You hit Terence but do no damage.
Terence is lightly wounded.
Terence hits you with a +0 mace.
* * * LOW HITPOINT WARNING * * *
You hit Terence. You freeze Terence.
Terence is moderately wounded.
Terence misses you.
You hit Terence but do no damage.
Terence is moderately wounded.
Terence barely misses you.
You barely miss Terence.
Terence is moderately wounded.
You flicker back into view.
Terence closely misses you.
You completely miss Terence.
Terence is moderately wounded.
Terence hits you but does no damage. Terence hits you with a +0 mace.
* * * LOW HITPOINT WARNING * * *
You hit Terence. You freeze Terence.
Terence is heavily wounded.
Terence hits you with a +0 mace.
* * * LOW HITPOINT WARNING * * *
You hit Terence. You freeze Terence.
Terence is heavily wounded.
Terence is engulfed in blazing flames.
Terence hits you with a +0 mace!
You die...

########### ##.......... ..
### #...#########... ..#
#...##.......... ..#
#...##....!.....
..#############.@............
..#..........##.@...###..##..
..#........#.##.....###..#
..#........#.##.#.....# @..
.##........#<##.#...........
...#########.).........##....
............................r
...........####.......###
...#.......##....###....


You could see Terence.

Vanquished Creatures
  An orc wizard (D:2)
  2 adders (D:2)
  5 gnolls
  2 dart slugs (D:2)
  3 orcs (D:2)
  2 endoplasms (D:1)
  3 giant cockroaches
  3 goblins (D:1)
  2 hobgoblins
  4 jackals (D:2)
  A kobold (D:2)
  2 quokkas
  4 ball pythons
  A bat (D:2)
  3 frilled lizards
  2 rats (D:2)
40 creatures vanquished.

Notes
Turn   | Place    | Note
-------+----------+-------------------------------------------
     0 | D:1      | IdlyInterested the Demonspawn Wanderer began the quest for
                  | the Orb.
     0 | D:1      | IdlyInterested set off with the following items: a +0 mace,
                  | a wand of polymorph (4), a scroll of vulnerability, a +0
                  | robe; and the following spell memorised: Sandblast; and the
                  | following spells available to memorise: Stone Arrow, Leda's
                  | Liquefaction.
     0 | D:1      | Reached XP level 1. HP: 13/13 MP: 2/2
   253 | D:1      | Reached skill level 1 in Fighting
   253 | D:1      | Gained mutation: Your demonic aura sometimes causes spilled
                  | blood to erupt in flames. [demonic ancestry]
   253 | D:1      | Reached XP level 2. HP: 6/21 MP: 0/3
   978 | D:2      | Reached XP level 3. HP: 13/27 MP: 4/4
   981 | D:2      | Reached skill level 3 in Earth Magic
  1149 | D:2      | Reached skill level 1 in Dodging
  1245 | D:2      | Reached skill level 1 in Axes
  1252 | D:2      | Reached XP level 4. HP: 28/33 MP: 3/5
  1539 | D:2      | Reached skill level 1 in Fire Magic
  1667 | D:2      | Noticed Terence
  1699 | D:2      | Reached XP level 5. HP: 8/38 MP: 7/7
  1709 | D:2      | Slain by Terence

Illustrated notes

Levels and vault maps discovered:
D:1:      erik_arrival_orb_chamber, layout_basic, minmay_misc_feat_tiny
D:2:      layout_basic, uniq_terence

Skill      XL: |  1  2  3  4  5 |
---------------+----------------+-----
Fighting       | 1 2 |  2.0
Earth Magic    | 3 |  3.0
Dodging        | 1 |  1.6
Axes           | 1 |  1.5
Fire Magic     | 1 |  1.2
Spellcasting   | 2 |  2.0
Maces & Flails | |  1.9
Armour         | |  1.0
Stealth        | |  1.0
Evocations     | |  2.0

Action                   |  1- 3 |  4- 6 || total
-------------------------+-------+-------++-------
Melee: Hand axe          |    33 |    47 ||    80
       Mace              |     3 |       ||     3
       Punch             |     1 |     1 ||     2
 Cast: Sandblast         |    14 |     9 ||    23
  Use: Scroll            |     4 |       ||     4
       Potion            |       |     1 ||     1
 Stab: Sleeping          |     1 |       ||     1
Armor: Robe              |     4 |    16 ||    20
Dodge: Dodged            |    21 |    37 ||    58

Table legend: (Time is in decaauts)
 A = Elapsed time spent in this place.
 B = Non-inter-level travel time spent in this place.
 C = Inter-level travel time spent in this place.
 D = Time resting spent in this place.
 E = Time spent auto-exploring this place.
 F = Levels seen in this place.
 G = Mean time per level.
                   A        B        C        D        E       F      G
               +--------+--------+--------+--------+--------+-----+--------+
         Total |   1738 |   1576 |    162 |    280 |    830 |   2 |  869.0 |
       Dungeon |   1738 |   1576 |    162 |    280 |    830 |   2 |  869.0 |
               +--------+--------+--------+--------+--------+-----+--------+

Top non-repeatable levels by time:
     D:1: 1047 daAuts
     D:2: 691 daAuts
